[Event "ICC tourney 2544 (75 10)"]
[Site "Internet Chess Club"]
[Date "2021.05.02"]
[Round "5"]
[White "CHATTERJEE, SIDDHARTHA:greenlime2007"]
[Black "MCQUILLIN, DANIL ALSANDAIR:DanilMcQuillin"]
[Result "1-0"]
[ICCResult "Black checkmated"]
[WhiteElo "1288"]
[BlackElo "1380"]
[Opening "Scotch: Schmidt variation"]
[ECO "C45"]
[NIC "SO.03"]
[Time "14:31:34"]
[PlyCount "69"]
[TimeControl "4500+10"]

1. e4 e5 2. Nf3 Nc6 3. d4 exd4 4. Nxd4 Nf6 5. Nc3 Bb4 6. Nxc6 bxc6 7. Bd3
d5 8. exd5 cxd5 9. O-O O-O 10. Bg5 c6 11. a3 Bd6 12. Re1 h6 13. Bh4 Be6 14.
Qd2 a5 15. Rad1 Re8 16. Na4 Rc8 17. h3 g5 18. Bg3 Nh5 19. Bxd6 Qxd6 20.
Qxa5 Nf4 21. Qc5 Qc7 22. Nc3 Bxh3 23. Rxe8+ Rxe8 24. Nxd5 Qe5 25. Qxc6 Nxd5
26. gxh3 Nf6 27. Qb5 Qe7 28. a4 g4 29. hxg4 Nxg4 30. Qf5 Nf6 31. Qf4 Kg7
32. Bb5 Rg8 33. Kf1 Qc5 34. Rd6 Ne4 35. Qxh6# { Black checkmated } 1-0

[Event "ICC tourney 2544 (75 10)"]
[Site "Internet Chess Club"]
[Date "2021.05.02"]
[Round "5"]
[White "SHARF, SAM:sam-sharf"]
[Black "HELLER, JACK G:Maximusiv"]
[Result "1/2-1/2"]
[ICCResult "Game drawn by mutual agreement"]
[WhiteElo "118"]
[BlackElo "1008"]
[Opening "English: symmetrical, Benoni formation"]
[ECO "A31"]
[NIC "QP.06"]
[Time "14:31:38"]
[PlyCount "83"]
[TimeControl "4500+10"]

1. d4 Nf6 2. Nf3 c5 3. c4 g6 4. g3 cxd4 5. Nxd4 Bg7 6. Bg2 O-O 7. O-O e5 8.
Nf3 Nc6 9. Nc3 e4 10. Ng5 Re8 11. Ncxe4 h6 12. Nxf6+ Bxf6 13. Ne4 Bg7 14.
h4 b6 15. b3 Bb7 16. Rb1 Ba6 17. Bb2 b5 18. Bxg7 Kxg7 19. b4 Rb8 20. Nd6
Re6 21. cxb5 Bxb5 22. Nxb5 Rxb5 23. a3 d5 24. e3 Rd6 25. Qe2 Rb7 26. Rfd1
Ne7 27. a4 Rc7 28. Qb2+ Kg8 29. Rbc1 Rcd7 30. Bh3 Rb7 31. b5 a6 32. Bf1 Nc6
33. Qd2 axb5 34. Bxb5 Ne5 35. Kg2 Qf6 36. f4 Ng4 37. Kh3 Qe6 38. Re1 Nxe3+
39. Kh2 Ng4+ 40. Kh3 Ne3+ 41. Kh2 Ng4+ 42. Kh3 { Game drawn by mutual
agreement } 1/2-1/2

[Event "ICC tourney 2544 (75 10)"]
[Site "Internet Chess Club"]
[Date "2021.05.02"]
[Round "5"]
[White "Smith, Graham Bradley:Smittyboy13"]
[Black "MISHRA, KRITARTH:AlphaLegend24"]
[Result "1-0"]
[ICCResult "Black checkmated"]
[WhiteElo "943"]
[BlackElo "1320"]
[Opening "QGD Slav defense"]
[ECO "D10"]
[NIC "SL.01"]
[Time "14:31:33"]
[PlyCount "121"]
[TimeControl "4500+10"]

1. d4 d5 2. c4 c6 3. Nc3 a6 4. a4 Nf6 5. Bg5 e6 6. Nf3 h6 7. Bh4 Be7 8. e3
O-O 9. Be2 Nh7 10. Bxe7 Qxe7 11. O-O Nd7 12. c5 e5 13. Re1 e4 14. Nd2 Ndf6
15. f3 Ng5 16. fxe4 Ngxe4 17. Ndxe4 Nxe4 18. Nxe4 dxe4 19. Bg4 Bxg4 20.
Qxg4 f5 21. Qd1 Rad8 22. Qb3+ Kh8 23. Rad1 Qf7 24. Qxf7 Rxf7 25. g3 g5 26.
b4 Kg7 27. Kg2 f4 28. exf4 gxf4 29. Rxe4 fxg3 30. Rg4+ Kh7 31. Rxg3 Rf4 32.
Re3 Rd7 33. Kg3 Rf5 34. Rde1 Rg7+ 35. Kh4 Rf4+ 36. Kh3 Rxd4 37. Re4 Rd5 38.
Kh4 Rdd7 39. Re6 Rg6 40. Re7+ Rxe7 41. Rxe7+ Rg7 42. Re6 Rd7 43. Rd6 Re7
44. b5 cxb5 45. axb5 a5 46. c6 bxc6 47. bxc6 Kg7 48. Rd7 Kf7 49. c7 Rxd7
50. c8=Q Rd4+ 51. Kg3 Rd3+ 52. Kf2 Rd2+ 53. Ke3 Rxh2 54. Qc7+ Kg6 55. Qxh2
a4 56. Qc2+ Kg5 57. Qxa4 Kh5 58. Qa5+ Kh4 59. Kf4 h5 60. Qg5+ Kh3 61. Qg3#
{ Black checkmated } 1-0

[Event "ICC tourney 2544 (75 10)"]
[Site "Internet Chess Club"]
[Date "2021.05.02"]
[Round "5"]
[White "BOSE, SIDDHARTH:siddharthbose"]
[Black "KHAN, SAMI:sami786"]
[Result "1-0"]
[ICCResult "Black checkmated"]
[WhiteElo "1216"]
[BlackElo "1036"]
[Opening "Sicilian: Kan, 5.Nc3"]
[ECO "B43"]
[NIC "SI.41"]
[Time "14:31:41"]
[PlyCount "79"]
[TimeControl "4500+10"]

1. e4 c5 2. Nf3 e6 3. d4 cxd4 4. Nxd4 a6 5. Nc3 Qc7 6. Be3 Bb4 7. Bd2 Nf6
8. Bd3 b5 9. Qe2 d6 10. Bxb5+ axb5 11. Qxb5+ Bd7 12. Qxb4 Na6 13. Ncb5 Bxb5
14. Qxb5+ Kf8 15. Qe2 e5 16. Nf5 Qxc2 17. Bc3 Qxe4 18. Qxe4 Nxe4 19. Rd1
Nxc3 20. bxc3 Nc5 21. Rxd6 g6 22. Ne3 Rxa2 23. O-O f5 24. Rd5 Ne4 25. h3
Nxc3 26. Rxe5 Kf7 27. Kh2 Rd8 28. Rc1 Ne4 29. f3 Ng5 30. Kg3 Rd4 31. Nd5
Ne6 32. Rc6 f4+ 33. Kh4 Nd8 34. Rc7+ Kf8 35. Nf6 g5+ 36. Kh5 Nf7 37. Nxh7+
Kg8 38. Re8+ Kg7 39. Nxg5 Rd5 40. Rxf7# { Black checkmated } 1-0

[Event "ICC tourney 2544 (75 10)"]
[Site "Internet Chess Club"]
[Date "2021.05.02"]
[Round "6"]
[White "HELLER, JACK G:Maximusiv"]
[Black "CAO, DANIEL:danielcao"]
[Result "0-1"]
[ICCResult "White resigns"]
[WhiteElo "1008"]
[BlackElo "1244"]
[Opening "Sicilian: Smith-Morra gambit"]
[ECO "B21"]
[NIC "SI.48"]
[Time "18:01:52"]
[PlyCount "41"]
[TimeControl "4500+10"]

1. e4 c5 2. d4 cxd4 3. c3 d5 4. exd5 Qxd5 5. cxd4 Nc6 6. Nf3 e6 7. Nc3 Qd8
8. Bc4 Nf6 9. O-O Be7 10. Be3 Nb4 11. Qe2 Nbd5 12. Rfd1 O-O 13. Bg5 h6 14.
Bh4 b6 15. Nxd5 exd5 16. Bxd5 Nxd5 17. Bxe7 Qxe7 18. Qc4 Be6 19. Re1 Nb4
20. Qc3 Rac8 21. Qd3 { White resigns } 0-1

[Event "ICC tourney 2544 (75 10)"]
[Site "Internet Chess Club"]
[Date "2021.05.02"]
[Round "6"]
[White "GUO, MAX:salamenceg"]
[Black "FINETTE, STEVEN:chess278"]
[Result "1/2-1/2"]
[ICCResult "Game drawn by mutual agreement"]
[WhiteElo "1082"]
[BlackElo "1306"]
[Opening "Scandinavian: Pytel-Wade variation"]
[ECO "B01"]
[NIC "SD.02"]
[Time "18:01:57"]
[PlyCount "25"]
[TimeControl "4500+10"]

1. e4 d5 2. exd5 Qxd5 3. Nc3 Qd6 4. Bc4 Nf6 5. d3 e5 6. Nf3 Bg4 7. h3 Bxf3
8. Qxf3 c6 9. Ne4 Qe7 10. Ng5 h6 11. Nxf7 Rh7 12. O-O Nd5 13. Qf5 { Game
drawn by mutual agreement } 1/2-1/2

[Event "ICC tourney 2544 (75 10)"]
[Site "Internet Chess Club"]
[Date "2021.05.02"]
[Round "6"]
[White "SHAH, ADITYA:AdityaShah"]
[Black "Xia, Joshua:MathMonkey"]
[Result "1/2-1/2"]
[ICCResult "White stalemated"]
[WhiteElo "997"]
[BlackElo "1381"]
[Opening "Giuoco Pianissimo"]
[ECO "C50"]
[NIC "IG.02"]
[Time "18:01:59"]
[PlyCount "108"]
[TimeControl "4500+10"]

1. e4 e5 2. Nf3 Nc6 3. Bc4 Bc5 4. d3 Nf6 5. O-O O-O 6. Bg5 h6 7. Bh4 d6 8.
h3 Na5 9. Bb3 Nxb3 10. axb3 a6 11. Nc3 c6 12. Ne2 Qe7 13. Re1 Qe6 14. Ng3
Bd7 15. Nf5 Kh7 16. Qd2 Nh5 17. d4 exd4 18. N3xd4 Qe5 19. Nf3 Qf4 20. Qc3
Bxf5 21. g3 Nxg3 22. Bxg3 Qxg3+ 23. Kh1 Bxf2 24. exf5 Qxh3+ 25. Nh2 Qxc3
26. bxc3 Bxe1 27. Rxe1 Rfe8 28. Rf1 Re2 29. f6 g6 30. Rd1 d5 31. Rc1 Rae8
32. Nf3 R8e3 33. Ng1 Re1 34. Rxe1 Rxe1 35. b4 Rc1 36. b5 Rxc2 37. bxa6 bxa6
38. c4 Rxc4 39. Nf3 a5 40. Kg2 a4 41. Kf2 a3 42. Nd2 Rc2 43. Ke2 a2 44. Kd3
Rxd2+ 45. Kxd2 a1=Q 46. Kc2 Qxf6 47. Kd3 g5 48. Ke3 g4 49. Ke2 Qd4 50. Kf1
g3 51. Kg2 Qf2+ 52. Kh3 Qh2+ 53. Kg4 g2 54. Kf3 g1=Q { White stalemated }
1/2-1/2

[Event "ICC tourney 2544 (75 10)"]
[Site "Internet Chess Club"]
[Date "2021.05.02"]
[Round "6"]
[White "DESAI, ESHA:lemonbar"]
[Black "HOSUR, SANMITA:phosur"]
[Result "0-1"]
[ICCResult "White checkmated"]
[WhiteElo "913"]
[BlackElo "1270"]
[Opening "QGD: 4.Nf3"]
[ECO "D37"]
[NIC "QO.16"]
[Time "18:02:17"]
[PlyCount "98"]
[TimeControl "4500+10"]

1. d4 d5 2. c4 e6 3. Nc3 Nf6 4. Nf3 Be7 5. e3 O-O 6. Be2 dxc4 7. Bxc4 a6 8.
O-O b5 9. Bd3 c5 10. Be4 Nxe4 11. Nxe4 cxd4 12. Nxd4 Bb7 13. Ng3 Qd5 14.
Qf3 Qxf3 15. Nxf3 Bxf3 16. gxf3 Nc6 17. Rd1 Rad8 18. Rxd8 Rxd8 19. b3 Ne5
20. Kg2 Nd3 21. Rb1 Ne1+ 22. Kh3 Nxf3 23. Bb2 Rd2 24. Kg2 Ne1+ 25. Kf1 Nd3
26. Bd4 Rxf2+ 27. Kg1 Rxa2 28. Ra1 Rxa1+ 29. Bxa1 Bc5 30. Bd4 Bxd4 31. exd4
Nc1 32. b4 Na2 33. Ne4 Nxb4 34. Nc5 a5 35. Kf1 a4 36. Nxa4 bxa4 37. Ke1 a3
38. Kd1 a2 39. Kc1 a1=Q+ 40. Kd2 Qxd4+ 41. Ke2 Qe5+ 42. Kf3 Kf8 43. Kg4 Ke7
44. h4 Nd3 45. Kf3 f5 46. h5 f4 47. h6 gxh6 48. Kg2 Qe3 49. Kf1 Qf2# {
White checkmated } 0-1

[Event "ICC tourney 2544 (75 10)"]
[Site "Internet Chess Club"]
[Date "2021.05.02"]
[Round "6"]
[White "Perera, Kevin:kevinp"]
[Black "Thummala, Vibodh:Vibodh"]
[Result "0-1"]
[ICCResult "White checkmated"]
[WhiteElo "1054"]
[BlackElo "1169"]
[Opening "King's Indian: 6.Be2"]
[ECO "E91"]
[NIC "KI.19"]
[Time "18:01:53"]
[PlyCount "98"]
[TimeControl "4500+10"]

1. Nf3 d6 2. c4 Nf6 3. Nc3 g6 4. d4 Bg7 5. e4 O-O 6. Be2 Nc6 7. d5 Nb4 8.
a3 Na6 9. Bg5 h6 10. Bh4 Nd7 11. Rc1 Qe8 12. b4 e5 13. Bg3 f5 14. Nd2 f4
15. O-O fxg3 16. fxg3 Rxf1+ 17. Qxf1 Qf8 18. Nf3 c5 19. dxc6 bxc6 20. Rd1
Nc7 21. c5 dxc5 22. Bc4+ Kh8 23. b5 cxb5 24. Bd5 Nxd5 25. Nxd5 Nf6 26. Nxe5
Kh7 27. Nc7 Rb8 28. Nc6 Rb7 29. Rd8 Qf7 30. Nxb5 Qb3 31. Nd6 Qe3+ 32. Kh1
Rb2 33. Nc4 Qxe4 34. Nxb2 Qxc6 35. h3 Qc7 36. Rd3 Ne4 37. Qf3 Bxb2 38. Qxe4
Bf5 39. Qe2 Bxd3 40. Qxd3 c4 41. Qc2 c3 42. g4 Qd7 43. Kh2 Qd2 44. Qb3 c2
45. Qf7+ Bg7 46. h4 c1=Q 47. h5 Qd6+ 48. g3 Qdd2+ 49. Kh3 Qh1# { White
checkmated } 0-1

[Event "ICC tourney 2544 (75 10)"]
[Site "Internet Chess Club"]
[Date "2021.05.02"]
[Round "6"]
[White "COVEY, THEODORE DEAN:VirginiaGuy"]
[Black "STALEY, TIMOTHY:PirateKing"]
[Result "1-0"]
[ICCResult "Black resigns"]
[WhiteElo "1239"]
[BlackElo "852"]
[Opening "Caro-Kann: classical variation"]
[ECO "B18"]
[NIC "CK.10"]
[Time "18:02:10"]
[PlyCount "97"]
[TimeControl "4500+10"]

1. e4 c6 2. d4 d5 3. Nc3 dxe4 4. Nxe4 Bf5 5. Ng3 Bg6 6. Nf3 h6 7. Bc4 e6 8.
O-O Bd6 9. Re1 Qd7 10. Ne5 Bxe5 11. Rxe5 Ne7 12. c3 O-O 13. Bf4 f6 14.
Bxe6+ Qxe6 15. Rxe6 Nd5 16. Bxb8 Raxb8 17. Re1 b5 18. Qg4 Kh7 19. Qd7 Rfc8
20. Qxa7 Rb6 21. Qd7 Rc7 22. Qg4 b4 23. c4 Ne7 24. b3 f5 25. Qf4 Rbb7 26.
Re5 Rd7 27. Rae1 Ra7 28. R1e2 Kg8 29. Qd2 Kf7 30. Qxb4 Rxd4 31. Rxe7+ Rxe7
32. Qxe7+ Kg8 33. h3 f4 34. Nf1 Bh5 35. Rd2 Rxd2 36. Nxd2 Kh7 37. Qe4+ Bg6
38. Qxf4 Kg8 39. a4 c5 40. Qd6 Bc2 41. Qxc5 Bxb3 42. Nxb3 Kh7 43. a5 h5 44.
Qxh5+ Kg8 45. a6 Kf8 46. a7 Ke7 47. a8=Q g6 48. Qxg6 Kd7 49. Qa7+ { Black
resigns } 1-0

[Event "ICC tourney 2544 (75 10)"]
[Site "Internet Chess Club"]
[Date "2021.05.02"]
[Round "6"]
[White "YAMASAKI, DAWSON YOSHIO:Darston"]
[Black "Traynor, Zach:ztraynor"]
[Result "1-0"]
[ICCResult "Black checkmated"]
[WhiteElo "1211"]
[BlackElo "1194"]
[Opening "QGD Slav: 4.e3"]
[ECO "D11"]
[NIC "SL.01"]
[Time "18:01:58"]
[PlyCount "81"]
[TimeControl "4500+10"]

1. d4 d5 2. c4 c6 3. Nf3 Nf6 4. e3 Bg4 5. b3 e6 6. Bb2 Nbd7 7. Nbd2 Qa5 8.
a3 Ne4 9. b4 Bxb4 10. axb4 Qxb4 11. Ba3 Qa5 12. Be2 Nc3 13. Qc2 Nxe2 14.
Kxe2 Bxf3+ 15. Nxf3 dxc4 16. Qxc4 Qb5 17. Qxb5 cxb5 18. Rhb1 a6 19. Rc1 Nb6
20. Rc7 Rb8 21. Ne5 Nd5 22. Rxf7 Rg8 23. Bd6 Rc8 24. Rxb7 Rc2+ 25. Kf3 Kd8
26. Rxa6 Rc8 27. Bb4 Nc7 28. Ba5 Rf8+ 29. Kg3 Rf5 30. Rd6+ Ke7 31. Rd7+ Kf6
32. Bxc7 Rg5+ 33. Kf3 Rf5+ 34. Ke2 Ra8 35. Bd8+ Rxd8 36. Rxd8 Kg5 37. Rxg7+
Kh6 38. Rdd7 b4 39. Rxh7+ Kg5 40. Rdg7+ Kf6 41. Ng4# { Black checkmated }
1-0

[Event "ICC tourney 2544 (75 10)"]
[Site "Internet Chess Club"]
[Date "2021.05.02"]
[Round "6"]
[White "NAIR, PRANAV PRASANTH:pkcl"]
[Black "NOONA, TANUJ:tanuj07"]
[Result "1/2-1/2"]
[ICCResult "Game drawn by repetition"]
[WhiteElo "1251"]
[BlackElo "926"]
[Opening "Réti opening"]
[ECO "A04"]
[NIC "QP.11"]
[Time "18:02:01"]
[PlyCount "139"]
[TimeControl "4500+10"]

1. Nf3 e6 2. g3 d5 3. Bg2 c5 4. O-O Nc6 5. d3 Nf6 6. Nbd2 Be7 7. e4 O-O 8.
c3 b6 9. Re1 Bb7 10. Qc2 h6 11. a3 a5 12. b3 Qc7 13. Bb2 Rad8 14. Rad1 Rfe8
15. Kh1 Ng4 16. Kg1 Nce5 17. h3 Nxf3+ 18. Nxf3 Nf6 19. Nd2 Nd7 20. exd5
exd5 21. Nf3 Bd6 22. Kh2 Ne5 23. Nxe5 Bxe5 24. c4 Bxb2 25. Qxb2 d4 26. Bxb7
Qxb7 27. a4 Kf8 28. Qd2 Rxe1 29. Rxe1 Re8 30. Rxe8+ Kxe8 31. Qe2+ Qe7 32.
Qxe7+ Kxe7 33. Kg2 f5 34. Kf3 g5 35. Ke2 Ke6 36. f3 Ke5 37. g4 fxg4 38.
fxg4 Kf6 39. Kf3 Ke5 40. Ke2 Kf4 41. Kf2 Ke5 42. Kf3 Kf6 43. Ke4 Ke6 44.
Kf3 Ke5 45. Ke2 Kd6 46. Kf3 Ke5 47. Ke2 Kf4 48. Kf2 Ke5 49. Kf3 Kf6 50. Ke4
Ke6 51. Kf3 Ke5 52. Ke2 Kf4 53. Kf2 Ke5 54. Kf3 Kf6 55. Ke4 Ke6 56. Kf3 Ke5
57. Ke2 Kf4 58. Kf2 Ke5 59. Kf3 Kf6 60. Ke4 Ke6 61. Kf3 Ke5 62. Ke2 Kf4 63.
Kf2 Ke5 64. Kf3 Kf6 65. Ke4 Ke6 66. Kf3 Ke5 67. Ke2 Kf4 68. Kf2 Ke5 69. Kf3
Kf6 70. Ke4 { Game drawn by repetition } 1/2-1/2

[Event "ICC tourney 2544 (75 10)"]
[Site "Internet Chess Club"]
[Date "2021.05.02"]
[Round "6"]
[White "HAUGHT-TROMP, MATTHEW:MatthewHT"]
[Black "CHATTERJEE, SIDDHARTHA:greenlime2007"]
[Result "1-0"]
[ICCResult "Black resigns"]
[WhiteElo "1097"]
[BlackElo "1288"]
[Opening "Sicilian: Grand Prix attack"]
[ECO "B23"]
[NIC "SI.44"]
[Time "18:02:17"]
[PlyCount "113"]
[TimeControl "4500+10"]

1. e4 c5 2. Nc3 Nc6 3. f4 e6 4. Nf3 a6 5. d4 cxd4 6. Nxd4 Bc5 7. Be3 Bb6 8.
Qd2 Nge7 9. O-O-O Bxd4 10. Bxd4 Nxd4 11. Qxd4 O-O 12. Be2 b5 13. a3 Nc6 14.
Qd6 Bb7 15. Kb1 Rb8 16. Rhf1 Ba8 17. Rf3 b4 18. Na4 Qa5 19. Nc5 bxa3 20.
Nxd7 Rxb2+ 21. Kc1 Re8 22. Rxa3 Qb4 23. Qxb4 Rxb4 24. Nc5 a5 25. c3 Rbb8
26. g3 Re7 27. Kc2 h6 28. Ba6 g5 29. Nd7 Rd8 30. Nf6+ Kg7 31. Rxd8 Nxd8 32.
e5 Ra7 33. Bb5 Bc6 34. c4 Rc7 35. Kd3 Nb7 36. Bxc6 Rxc6 37. Ne4 gxf4 38.
gxf4 Kg6 39. Kd4 Rb6 40. Rc3 Kf5 41. Ke3 a4 42. c5 Nxc5 43. Nxc5 Rb2 44.
Ra3 Rxh2 45. Rxa4 Rh3+ 46. Kd4 Kxf4 47. Ra7 Kg5 48. Rxf7 Rh4+ 49. Ne4+ Kg6
50. Rf6+ Kh7 51. Rxe6 Rh1 52. Rf6 Rd1+ 53. Kc5 h5 54. e6 Re1 55. Rf4 Ra1
56. e7 Ra8 57. Rf8 { Black resigns } 1-0

[Event "ICC tourney 2544 (75 10)"]
[Site "Internet Chess Club"]
[Date "2021.05.02"]
[Round "6"]
[White "Kirumaki, Shreya A:Chesspenguin123"]
[Black "KHAN, SAMI:sami786"]
[Result "0-1"]
[ICCResult "White resigns"]
[WhiteElo "1198"]
[BlackElo "1036"]
[Opening "Sicilian: closed"]
[ECO "B23"]
[NIC "SI.44"]
[Time "18:01:56"]
[PlyCount "134"]
[TimeControl "4500+10"]

1. e4 c5 2. Nc3 e6 3. f4 Nc6 4. Nf3 Nge7 5. Bb5 a6 6. Bxc6 Nxc6 7. O-O d5
8. d3 g6 9. Qe1 Bg7 10. exd5 Nd4 11. Qf2 exd5 12. Na4 Qd6 13. c3 Nxf3+ 14.
gxf3 d4 15. b3 b5 16. Nb2 dxc3 17. Nd1 O-O 18. Qe2 Bf5 19. Qf2 Bxd3 20. Re1
Rfe8 21. a4 Rxe1+ 22. Qxe1 c2 23. Nb2 Bd4+ 24. Kg2 Bxb2 25. Bxb2 Qxf4 26.
Bc1 Qd4 27. Ra2 Bf5 28. axb5 Qd1 29. Qe3 Qd3 30. Qxd3 Bxd3 31. bxa6 Rxa6
32. Rxa6 Bxa6 33. Kf2 Bb7 34. Ke3 Bd5 35. b4 cxb4 36. f4 Kf8 37. Kd3 b3 38.
Kc3 Kg7 39. Kd4 Be6 40. Ke3 Kf6 41. Ke4 Bf5+ 42. Kd5 Be6+ 43. Ke4 Ke7 44.
h4 Kd6 45. Kd3 Kd5 46. Bb2 Bf5+ 47. Kc3 Ke4 48. Bc1 Be6 49. Kb4 Kd3 50. Ka3
Ke2 51. Kb2 h5 52. Kc3 Kd1 53. Kb2 Bd5 54. Be3 Ke2 55. Bc1 Kf3 56. Kc3 Kg4
57. Kd4 Be6 58. Ke3 Kxh4 59. Kf2 Kg4 60. Kg2 h4 61. Kh2 h3 62. Bb2 Kf3 63.
Bc1 Ke2 64. Kg1 Kd1 65. Bb2 c1=Q 66. Bxc1 Kxc1 67. Kf2 b2 { White resigns }
0-1

[Event "ICC tourney 2544 (75 10)"]
[Site "Internet Chess Club"]
[Date "2021.05.02"]
[Round "6"]
[White "LIU, JOSHUA:JoshL333"]
[Black "BOSE, SIDDHARTH:siddharthbose"]
[Result "1-0"]
[ICCResult "Black checkmated"]
[WhiteElo "1199"]
[BlackElo "1216"]
[Opening "French: exchange variation"]
[ECO "C01"]
[NIC "FR.01"]
[Time "18:01:58"]
[PlyCount "129"]
[TimeControl "4500+10"]

1. e4 e6 2. d4 d5 3. exd5 exd5 4. Nf3 Nf6 5. Bd3 Bd6 6. O-O O-O 7. c4 dxc4
8. Bxc4 Bg4 9. h3 Bh5 10. Be3 Nc6 11. Nbd2 Be7 12. Qc2 a6 13. a3 Nd5 14.
Bd3 h6 15. g4 Bg6 16. Bxg6 fxg6 17. Qxg6 Nf4 18. Bxf4 Rxf4 19. Qe6+ Kh8 20.
d5 Nd4 21. Nxd4 Rxd4 22. Nf3 Rxd5 23. Ne5 Rxe5 24. Qxe5 Bd6 25. Qe4 Rb8 26.
Rae1 Qf6 27. Re2 Rf8 28. Qxb7 Qf4 29. Qg2 Rb8 30. Rfe1 Qa4 31. Qe4 Qd7 32.
Qg6 Kg8 33. Re8+ Rxe8 34. Qxe8+ Qxe8 35. Rxe8+ Bf8 36. Ra8 Kf7 37. Rxa6 Bd6
38. a4 Ke7 39. Ra8 Kd7 40. Rg8 Be5 41. b4 Kc6 42. f4 Bc3 43. g5 hxg5 44.
fxg5 Kd5 45. a5 Kc6 46. a6 Bd4+ 47. Kg2 Kb6 48. b5 Kxb5 49. a7 Bxa7 50.
Rxg7 c5 51. g6 Bb8 52. Re7 Bd6 53. g7 Bxe7 54. g8=Q Kb4 55. Qb8+ Kc3 56.
Qe5+ Kb3 57. Qxe7 c4 58. Qe6 Kb2 59. Qxc4 Ka1 60. Qb4 Ka2 61. Kf2 Ka1 62.
Ke2 Ka2 63. Kd2 Ka1 64. Kc2 Ka2 65. Qb2# { Black checkmated } 1-0

[Event "ICC tourney 2544 (75 10)"]
[Site "Internet Chess Club"]
[Date "2021.05.02"]
[Round "6"]
[White "LIU, KEVIN:kevin2010"]
[Black "SHARF, SAM:sam-sharf"]
[Result "0-1"]
[ICCResult "White resigns"]
[WhiteElo "1175"]
[BlackElo "118"]
[Opening "King's Indian: East Indian defense"]
[ECO "A48"]
[NIC "QP.06"]
[Time "18:02:18"]
[PlyCount "66"]
[TimeControl "4500+10"]

1. d4 Nf6 2. Nf3 g6 3. Nc3 Bg7 4. e3 d6 5. Be2 O-O 6. O-O Nbd7 7. e4 c5 8.
d5 e6 9. dxe6 fxe6 10. Qxd6 Qb6 11. Qd1 a6 12. e5 Ng4 13. h3 Ngxe5 14. Nxe5
Nxe5 15. Na4 Qc6 16. Be3 Qxa4 17. Bxc5 Re8 18. Ba3 Qc6 19. c3 b5 20. f4 Bb7
21. Rf2 Nc4 22. Bf3 Qc7 23. Bxb7 Qxb7 24. Rf3 Qb6+ 25. Kh2 Nxa3 26. bxa3
Rad8 27. Qe2 Qc5 28. a4 e5 29. Re3 bxa4 30. Re1 Re6 31. fxe5 Rde8 32. Kh1
Bxe5 33. Rxe5 Rxe5 { White resigns } 0-1

[Event "ICC tourney 2544 (75 10)"]
[Site "Internet Chess Club"]
[Date "2021.05.02"]
[Round "6"]
[White "MCQUILLIN, DANIL ALSANDAIR:DanilMcQuillin"]
[Black "Smith, Graham Bradley:Smittyboy13"]
[Result "1-0"]
[ICCResult "Black checkmated"]
[WhiteElo "1380"]
[BlackElo "943"]
[Opening "English: Mikenas-Carls variation"]
[ECO "A18"]
[NIC "EO.57"]
[Time "18:01:56"]
[PlyCount "69"]
[TimeControl "4500+10"]

1. c4 Nf6 2. Nc3 e6 3. e4 d5 4. cxd5 exd5 5. e5 Ng4 6. d4 Bb4 7. Nf3 O-O 8.
Bd3 c5 9. h3 Nh6 10. Bxh6 gxh6 11. Bc2 f5 12. O-O Nc6 13. dxc5 Bxc3 14.
bxc3 Rf7 15. Re1 Be6 16. Nd4 Nxd4 17. Qxd4 Rg7 18. Re3 Kh8 19. Kh2 Qd7 20.
Rd1 Qf7 21. Rf3 Rag8 22. g4 Qg6 23. Bxf5 Bxf5 24. Rxf5 Rf7 25. e6+ Rfg7 26.
Re1 h5 27. Rxh5 Re8 28. Qxd5 Qc2 29. Qf5 Qxc3 30. Re3 Qa5 31. e7 Qc7+ 32.
Kg1 Rgxe7 33. Qf6+ Kg8 34. Rg5+ Rg7 35. Rxe8# { Black checkmated } 1-0